 Dungeon Crawl Stone Soup version 0.27-a0-660-g90476cec82 (webtiles) character file.

Game seed: 1149205908468353001

11170 rednaxela the Spear-Bearer (level 11, -8/81 (86) HPs)
             Began as a Naga Gladiator on Mar 17, 2021.
             Was a Believer of Qazlal.
             Shot with an arrow by a centaur warrior (13 damage)
             ... while paralysed by Rupert
             ... on level 13 of the Dungeon.
             The game lasted 00:35:37 (14267 turns).

rednaxela the Spear-Bearer (Naga Gladiator)        Turns: 14267, Time: 00:35:38

HP:   -8/81 (86)    AC: 19    Str: 21    XL:     11   Next: 73%
MP:   20/20         EV:  1    Int:  9    God:    Qazlal [**....]
Gold: 598           SH:  0    Dex: 13    Spells: 10/10 levels left

rFire    . . .     SeeInvis +   j - +0 halberd
rCold    . . .     Faith    .   (shield currently unavailable)
rNeg     . . .     Spirit   .   F - +0 plate armour
rPois    +         Reflect  .   q - +0 helmet
rElec    .         Harm     .   B - +0 cloak
rCorr    .         Rampage  .   u - +0 pair of gloves
Will     ++...                  f - +0 barding
Stlth    ..........             o - amulet of regeneration
HPRegen  1.23/turn              e - ring of willpower
MPRegen  0.17/turn              I - +4 ring of protection

@: paralysed, drained, very slow
A: AC +3, large, see invisible, deformed body, poison resistance, slowness 2,
spit poison 1, naga tail 1, repulsion field 1, strong 1
a: Spit Poison, Renounce Religion, Upheaval


You were on level 13 of the Dungeon.
You worshipped Qazlal.
Qazlal was pleased with you.
You visited 1 branch of the dungeon, and saw 14 of its levels.

You collected 793 gold pieces.
You spent 195 gold pieces at shops.

Inventory:

Hand Weapons
 a - a +0 trident
 j - a +0 halberd (weapon)
   (You took it off an orc warrior on level 6 of the Dungeon)
 k - a +1 war axe of flaming
   (You took it off an orc on level 2 of the Dungeon)
Missiles
 d - a throwing net {!f}
 i - 5 atropa-tipped darts
 s - 62 poisoned darts (quivered)
 H - 11 curare-tipped darts
Armour
 f - a +0 barding (worn)
   (You found it on level 7 of the Dungeon)
 q - a +0 helmet (worn)
   (You found it on level 3 of the Dungeon)
 u - a +0 pair of gloves (worn)
   (You found it on level 7 of the Dungeon)
 B - a +0 cloak (worn)
   (You found it on level 4 of the Dungeon)
 F - a +0 plate armour (worn)
   (You took it off an orc warrior on level 7 of the Dungeon)
Jewellery
 e - a ring of willpower (right hand)
   (You found it on level 1 of the Dungeon)
 o - an amulet of regeneration (around neck)
   (You found it on level 1 of the Dungeon)
 E - a ring of flight
   (You found it on level 5 of the Dungeon)
 G - a ring of positive energy
   (You found it on level 9 of the Dungeon)
 I - a +4 ring of protection (left hand)
   (You found it on level 9 of the Dungeon)
 J - an amulet of the acrobat
   (You found it on level 11 of the Dungeon)
Wands
 g - a wand of charming (10)
   (You took it off a gnoll on level 7 of the Dungeon)
 C - a wand of flame (13) {@v4}
   (You found it on level 5 of the Dungeon)
Scrolls
 h - 2 scrolls of magic mapping {@r5 !r}
 n - 2 scrolls of fog {!r}
 w - 2 scrolls of fear {!r}
 x - 3 scrolls of amnesia
 y - 2 scrolls of identify {@r1}
 D - a scroll of enchant weapon
Potions
 b - 2 potions of cancellation {!q}
 c - a potion of brilliance
 l - 2 potions of resistance
 m - a potion of berserk rage
 p - 3 potions of heal wounds {@q2 !q}
 r - a potion of degeneration {unknown}
 v - 2 potions of magic {!q}
 z - 3 potions of flight
 A - 5 potions of curing {@q1 !q}


   Skills:
 - Level 2.0 Fighting
 + Level 13.3 Polearms
 - Level 1.7 Throwing
 - Level 2.4 Dodging
 + Level 13.1 Invocations


You had 10 spell levels left.
You didn't know any spells.
Your spell library contained the following spells:

 Spells                   Type           Power      Damage    Failure   Level
 Magic Dart               Conj           0%         1d3       100%        1
 Searing Ray              Conj           0%         3d3       100%        2
 Confusing Touch          Hex            0%         N/A       100%        3
 Dazzling Flash           Conj/Hex       0%         N/A       100%        3
 Gell's Gravitas          Tloc           0%         N/A       100%        3
 Fulminant Prism          Conj/Hex       0%         3d6       100%        4
 Iskenderun's Mystic Bla  Conj/Tloc      0%         2d3       100%        4
 Petrify                  Tmut/Erth      0%         N/A       100%        4
 Metabolic Englaciation   Hex/Ice        0%         N/A       100%        5
 Yara's Violent Unravell  Hex/Tmut       0%         3d3       100%        5


Dungeon Overview and Level Annotations

Branches:
Dungeon (14/15) Temple (0/1) D:5 Lair (0/6) D:10 Vaults (0/5) D:12 D:13 Orc: D:9-12

Altars:
Elyvilon
Fedhas
Kikubaaqudgha
Nemelex Xobeh
Qazlal
Xom

Shops:
D:7 !

Annotations:
D:3 1 runed translucent door, robertstho's ghost, amateur FoAK
D:8 3 runed translucent doors, ShadowManNeo's ghost, novice DrAE
D:12 Agnes
D:13 Rupert
D:14 Kirke


Innate Abilities, Weirdness & Mutations

Your serpentine skin is tough. (AC +3)
You have supernaturally acute eyesight. (SInv)
Armour fits poorly on your strangely shaped body.
Your system is resistant to poisons. (rPois)
You cover ground very slowly.
You can spit poison.
You have a snake-like lower body.
You are surrounded by a mild repulsion field. (EV +2)
Your muscles are strong. (Str +2)


Message History

Agnes hits you with a +2 lajatang of pain!
You writhe in agony.
Agnes hits you with a +2 lajatang of pain!
You writhe in agony.
You climb upwards.
The human shouts! x6; The orc knight shouts!
The human shouts! x3
Rupert shouts!
The human shouts! x2
A centaur warrior, a cyclops, 5 humans, 3 wights and a wraith come into view.
Found a gate to the Vaults.
Found two stone staircases leading up.
There is a stone staircase leading down here.
The centaur warrior wields a +0 shortbow.
The centaur warrior shoots an arrow.
The arrow hits you.
Agnes hits you with a +2 lajatang of pain!!
* * * LOW HITPOINT WARNING * * *
You writhe in agony.
* * * LOW HITPOINT WARNING * * *
There is a stone staircase leading up, spattered with blood here.
Agnes hits you but does no damage.
Agnes says, "It is my duty to kill you, but also my pleasure."
You block Agnes's attack. You block the wight's attack. The human hits you.
* * * LOW HITPOINT WARNING * * *
You climb upwards.
There is a stone staircase leading down here.
Okay, then.
The human hits you.
* * * LOW HITPOINT WARNING * * *
The wight barely misses you.
You climb downwards.
Level annotation: Rupert The human barely misses you.
The human hits you but does no damage. Rupert roars wildly at you.
You are confused.
The human hits you but does no damage. x3
There is a stone staircase leading up, spattered with blood here.
You are too confused!
Unknown command.
You are too confused!
Unknown command.
Really quaff
A - 6 potions of curing {@q1 !q}?
You feel better. The human hits you!
* * * LOW HITPOINT WARNING * * *
The human barely misses you.
The wight hits you with a +4 long sword.
* * * LOW HITPOINT WARNING * * *
The human hits you.
* * * LOW HITPOINT WARNING * * *
The human hits you but does no damage. x2
Really read
w - 3 scrolls of fear {!r}?
As you read the scroll of fear {!r}, it crumbles to dust.
You assume a fearsome visage.
The human looks frightened! x2
The wraith is unaffected.
The human looks frightened! x5
The centaur warrior looks frightened!
The human looks frightened! x2
The orc knight looks frightened!
The human looks frightened! x5
Rupert easily resists.
The human looks frightened! x2
The wight is unaffected. x3; The cyclops looks frightened!
The human attempts to regain its composure.
The centaur warrior prays for help.
The wight hits you but does no damage. Rupert roars wildly at you.
You suddenly lose the ability to move!
The wraith hits you but does no damage.
The wight hits you but does no damage. x2
The human mutters, "Of all the rotten luck!"
The wraith hits you but does no damage.
The human howls, "Help!"
The wight hits you with a +4 long sword.
* * * LOW HITPOINT WARNING * * *
You feel drained.
* * * LOW HITPOINT WARNING * * *
The wight hits you but does no damage.
The human cowers, then darts away.
The human tries to recover its lost courage.
The wraith hits you but does no damage.
The human prays for help.
The orc knight cowers, then darts away.
The wight hits you but does no damage.
Cornered, the centaur warrior turns to fight!
The wight hits you but does no damage.
The human howls in fear.
Rupert screams, "Give me the Holy Grail!"
Rupert hits you with a +1 vampiric battleaxe.
* * * LOW HITPOINT WARNING * * *
The human starts to cry.
The human almost stumbles in trying to escape.
The wraith hits you but does no damage. The wight hits you with a +0 scimitar!
* * * LOW HITPOINT WARNING * * *
You feel drained.
* * * LOW HITPOINT WARNING * * *
The human gibbers meaninglessly.
The wight hits you with a +4 long sword.
* * * LOW HITPOINT WARNING * * *
You feel drained.
* * * LOW HITPOINT WARNING * * *
The wight hits you but does no damage.
Rupert screams, "Red!
No, blue!"
Rupert barely misses you.
The human begs, "Why can't we all just get along?"
The human gibbers meaninglessly.
Cornered, the human turns to fight!
The wight hits you but does no damage.
The centaur warrior shoots an arrow.
The arrow hits you!
You die...

##############
#pc.......p..#
##p...........##
p...............
..............p.
.p......W.......
#....@z......#
#..z°@z....#+#
................
................
..............p.
.............p##
p...C.....pp.p#
##p##+#########
#.


You could see Rupert, a centaur warrior, a cyclops (fleeing), 13 humans, a
wraith and 3 wights.

Vanquished Creatures
  A centaur warrior (D:14)
  2 two-headed ogres
  Sonja (D:10)
  Pikel (D:5)
  An ugly thing (D:11)
  A gargoyle (D:9)
  Grinder (D:6)
  Prince Ribbit (D:7)
  8 yaks (D:11)
  A vampire (D:10)
  A hog (D:14)
  5 humans (D:8)
  4 vampire mosquitoes (D:14)
  Eustachio (D:6)
  2 water moccasins
  2 black bears
  4 orc warriors
  4 ogres
  4 ice beasts
  A necrophage (D:11)
  5 centaurs
  A lemure (D:5)
  A kobold brigand (D:9)
  3 phantoms
  Blork the orc (D:5)
  A gnoll sergeant (D:7)
  2 bullfrogs
  5 scorpions
  A water moccasin skeleton (D:5)
  4 wights
  A centaur zombie (D:7)
  2 bullfrog zombies
  A jelly (D:6)
  4 orc priests
  3 hounds
  3 bullfrog skeletons
  4 iguanas
  Natasha (thrice) (D:1)
  9 orc wizards
  8 worker ants
  A hound zombie (D:6)
  3 hound skeletons
  A howler monkey zombie (D:8)
  A worker ant zombie (D:9)
  11 gnolls
  11 adders
  2 shadow imps (D:7)
  A white imp (D:7)
  An ufetubus (D:7)
  An ooze (D:3)
  2 worms
  2 dart slugs
  3 leopard geckos
  39 orcs
  4 ball pythons
  11 bats
  5 giant cockroaches
  10 goblins
  10 hobgoblins
  16 jackals
  6 quokkas
  4 frilled lizards
  A jackal skeleton (D:3)
  14 kobolds
  A leopard gecko zombie (D:3)
  5 rats
274 creatures vanquished.

Vanquished Creatures (others)
  2 fungi (D:8)
  2 plants (D:8)
4 creatures vanquished.

Grand Total: 278 creatures vanquished

Notes
Turn   | Place    | Note
-------+----------+-------------------------------------------
     0 | D:1      | rednaxela the Naga Gladiator began the quest for the Orb.
     0 | D:1      | Reached XP level 1. HP: 19/19 MP: 1/1
   346 | D:1      | Reached XP level 2. HP: 1/26 MP: 2/2
   937 | D:2      | Reached skill level 4 in Polearms
   949 | D:2      | Reached XP level 3. HP: 29/32 MP: 3/3
  1007 | D:2      | Noticed Natasha
  1161 | D:1      | Killed Natasha
  1162 | D:1      | Reached XP level 4. HP: 39/39 MP: 4/4
  1286 | D:2      | Found a faded altar of an unknown god.
  1360 | D:2      | Reached skill level 5 in Polearms
  1923 | D:1      | Noticed Natasha
  1931 | D:1      | Killed Natasha
  2241 | D:1      | Reached XP level 5. HP: 45/45 MP: 5/5
  2302 | D:1      | Noticed Natasha
  2323 | D:1      | Killed Natasha
  2630 | D:2      | Became a worshipper of Qazlal Stormbringer
  2630 | D:2      | Reached * piety under Qazlal
  3062 | D:3      | Reached skill level 6 in Polearms
  3062 | D:3      | Reached skill level 1 in Invocations
  3078 | D:3      | Reached ** piety under Qazlal
  3370 | D:3      | Found a runed translucent door.
  3370 | D:3      | Noticed robertstho's ghost (amateur FoAK)
  3893 | D:3      | Reached XP level 6. HP: 49/52 MP: 7/7
  4003 | D:3      | Reached skill level 2 in Invocations
  4539 | D:3      | Reached skill level 3 in Invocations
  4790 | D:4      | Reached XP level 7. HP: 47/60 MP: 9/9
  5052 | D:4      | Reached skill level 7 in Polearms
  5220 | D:4      | Reached skill level 4 in Invocations
  5921 | D:5      | Entered Level 5 of the Dungeon
  5935 | D:5      | Found a staircase to the Ecumenical Temple.
  5962 | D:5      | Noticed Blork the orc
  5968 | D:5      | Killed Blork the orc
  6099 | D:5      | Reached skill level 5 in Invocations
  6252 | D:5      | Found a white marble altar of Elyvilon.
  6352 | D:5      | Reached XP level 8. HP: 63/67 MP: 10/12
  6499 | D:5      | Reached skill level 8 in Polearms
  6854 | D:5      | Reached skill level 6 in Invocations
  7524 | D:6      | Noticed Pikel
  7583 | D:5      | Killed Pikel
  7584 | D:5      | Reached skill level 9 in Polearms
  7584 | D:5      | Reached skill level 7 in Invocations
  7584 | D:5      | Reached XP level 9. HP: 54/73 MP: 14/14
  7676 | D:6      | Reached skill level 8 in Invocations
  7718 | D:6      | Noticed Eustachio
  7775 | D:6      | Killed Eustachio
  8237 | D:6      | Noticed Grinder
  8239 | D:6      | Gained mutation: You are surrounded by a mild repulsion
                  | field. (EV +2) [potion of mutation]
  8239 | D:6      | Gained mutation: Your muscles are strong. (Str +2) [potion
                  | of mutation]
  8255 | D:6      | Killed Grinder
  8296 | D:6      | Reached skill level 10 in Polearms
  8338 | D:7      | HP: 5/109 [orc warrior/+0 scimitar (10)]
  8339 | D:7      | HP: 2/109 [orc warrior/+0 scimitar (3)]
  8358 | D:7      | Reached skill level 9 in Invocations
  9649 | D:7      | Found Mat Mul's Distillery.
  9649 | D:7      | Noticed Prince Ribbit
  9660 | D:7      | Killed Prince Ribbit
  9661 | D:7      | Reached XP level 10. HP: 33/80 MP: 17/17
  9666 | D:7      | Reached skill level 10 in Invocations
 10102 | D:7      | Bought a potion of heal wounds for 75 gold pieces
 10102 | D:7      | Bought a potion of curing for 45 gold pieces
 10102 | D:7      | Bought a potion of berserk rage for 75 gold pieces
 10375 | D:7      | Found a shimmering altar of Xom.
 10377 | D:7      | Found an ancient bone altar of Kikubaaqudgha.
 10377 | D:7      | Found a sparkling altar of Nemelex Xobeh.
 10379 | D:7      | Found a blossoming altar of Fedhas.
 10379 | D:7      | Found a shimmering altar of Xom.
 10379 | D:7      | Found a white marble altar of Elyvilon.
 10526 | D:7      | Reached skill level 11 in Polearms
 11032 | D:8      | Found a runed translucent gate.
 11032 | D:8      | Found a runed translucent gate.
 11032 | D:8      | Found a runed translucent gate.
 11035 | D:8      | Noticed ShadowManNeo's ghost (novice DrAE)
 11045 | D:8      | Noticed a kobold demonologist
 11813 | D:9      | Reached skill level 11 in Invocations
 11924 | D:9      | Reached *** piety under Qazlal
 12122 | D:9      | Noticed a two-headed ogre
 12136 | D:9      | HP: 2/80 [two-headed ogre/+0 giant club (11)]
 12137 | D:9      | Killed a two-headed ogre
 12314 | D:9      | Noticed a gargoyle
 12467 | D:9      | Killed a gargoyle
 12468 | D:9      | Reached skill level 12 in Polearms
 12536 | D:10     | Entered Level 10 of the Dungeon
 12561 | D:10     | Found a staircase to the Lair.
 12804 | D:10     | HP: 3/80 [vampire (4)]
 12973 | D:10     | Reached XP level 11. HP: 86/86 MP: 19/19
 13082 | D:10     | Identified the +1 trident of Wondrous Power {flame, rF+
                  | rN+}
 13133 | D:10     | Noticed Sonja
 13142 | D:10     | Killed Sonja
 13143 | D:10     | Reached skill level 12 in Invocations
 13465 | D:11     | Noticed a two-headed ogre
 13473 | D:11     | Killed a two-headed ogre
 13618 | D:11     | Noticed a red ugly thing
 13624 | D:11     | Killed a red ugly thing
 13907 | D:11     | Reached skill level 13 in Polearms
 14020 | D:11     | You fall into a shaft and drop 3 floors!
 14020 | D:14     | Noticed a centaur warrior
 14027 | D:14     | Noticed Kirke
 14030 | D:14     | Killed a centaur warrior
 14031 | D:14     | Reached skill level 13 in Invocations
 14253 | D:14     | Noticed Agnes
 14256 | D:13     | Found a gate to the Vaults.
 14256 | D:13     | Noticed an orc knight
 14256 | D:13     | Noticed Rupert
 14256 | D:13     | Noticed a centaur warrior
 14256 | D:13     | Noticed a cyclops
 14264 | D:13     | Paralysed by Rupert for 4 turns
 14267 | D:13     | Shot with an arrow by a centaur warrior

Illustrated notes

Levels and vault maps discovered:
D:1:      saegor_arrival_simple_e, layout_basic
D:2:      layout_rooms, chequers_ecumenical_altar_simple, minmay_bisected,
          uniq_natasha
D:3:      wad_crossroads, layout_basic, gammafunk_ghost_grave, nrook_campfire,
          st_stairs_9
D:4:      layout_basic
D:5:      layout_gridville, minmay_temple_entry_mini_moons, elyvilon_altar_5,
          uniq_blork_the_orc
D:6:      layout_rooms, uniq_grinder, uniq_pikel, uniq_eustachio
D:7:      layout_cave_pods, serial_shops, shop, minmay_misc_feat_five,
          doesnt_xom_only_xom, uniq_prince_ribbit1
D:8:      layout_rooms, gammafunk_ghost_nasty_kobolds, minmay_ruffians
D:9:      layout_gridville, grunt_ministairs_13
D:10:     layout_loops_cross, dpeg_oklobed_lair, uniq_sonja
D:11:     layout_stronghold
D:12:     layout_long_grid, hiddenorc1_lemuel
D:13:     layout_gridville, david_vaults_3, basic_altar, serial_shops, shop,
          nicolae_trove_entry_free_sample
D:14:     layout_cave_pods, minmay_misc_feat_encased, lemuel_centaur_altar,
          uniq_agnes, uniq_rupert, uniq_kirke

Skill      XL: |  1  2  3  4  5  6  7  8  9 10 11 |
---------------+----------------------------------+-----
Polearms       | 4 5 6 7 9 10 12 13 | 13.3
Invocations    | 1 3 5 7 9 11 13 | 13.1
Fighting       | |  2.0
Throwing       | |  1.7
Dodging        | |  2.4

Action                   |  1- 3 |  4- 6 |  7- 9 | 10-12 || total
-------------------------+-------+-------+-------+-------++-------
Melee: Trident           |    54 |   280 |   360 |       ||   694
       Halberd           |       |       |    32 |   517 ||   549
Throw: Throwing net      |       |     1 |     4 |     1 ||     6
       Dart              |       |     1 |    21 |     9 ||    31
       Boomerang         |       |       |     2 |       ||     2
Invok: Upheaval          |       |       |     9 |    17 ||    26
 Abil: Spit Poison       |     4 |    12 |    13 |     3 ||    32
Evoke: Wand              |       |       |     2 |     2 ||     4
  Use: Potion            |       |     1 |    11 |     3 ||    15
       Scroll            |       |       |     1 |    16 ||    17
 Stab: Sleeping          |     3 |       |       |       ||     3
       Held in net/web   |       |     1 |     1 |       ||     2
Armor: Leather armour    |    10 |    61 |       |       ||    71
       Ring mail         |       |    13 |   110 |    49 ||   172
       Skin              |       |       |    36 |       ||    36
       Plate armour      |       |       |       |   287 ||   287
Dodge: Dodged            |    20 |   119 |   157 |   130 ||   426
Block: Other             |       |    12 |    26 |    55 ||    93

Table legend: (Time is in decaauts)
 A = Elapsed time spent in this place.
 B = Non-inter-level travel time spent in this place.
 C = Inter-level travel time spent in this place.
 D = Time resting spent in this place.
 E = Time spent auto-exploring this place.
 F = Levels seen in this place.
 G = Mean time per level.
                   A        B        C        D        E       F      G
               +--------+--------+--------+--------+--------+-----+--------+
         Total |  16843 |  16099 |    744 |   2962 |  10365 |  14 | 1203.1 |
       Dungeon |  16843 |  16099 |    744 |   2962 |  10365 |  14 | 1203.1 |
               +--------+--------+--------+--------+--------+-----+--------+

Top non-repeatable levels by time:
     D:3: 2504 daAuts
     D:5: 2220 daAuts
     D:1: 2146 daAuts
     D:7: 2043 daAuts
     D:6: 1438 daAuts
     D:4: 1272 daAuts
    D:10: 1186 daAuts
     D:9: 1133 daAuts
     D:2: 1007 daAuts
     D:8: 948 daAuts
    D:11: 663 daAuts
    D:14: 267 daAuts
    D:13: 10 daAuts
    D:12: 1 daAuts
